 Dungeon Crawl Stone Soup version 0.27-a0-887-gcab673c142 (webtiles) character file.

Game seed: 17133331525003353151

38 leviel the Vexing (level 3, -2/28 HPs)
             Began as a Gnoll Arcane Marksman on Apr 4, 2021.
             Slain by a goblin
             ... wielding a +0 dagger of holy wrath
             ... led by Robin
              (3 damage)
             ... on level 2 of the Dungeon.
             The game lasted 00:02:27 (1037 turns).

leviel the Vexing (Gnoll Arcane Marksman)           Turns: 1037, Time: 00:02:28

Health: -2/28      AC:  2    Str:  9    XL:     3   Next: 43%
Magic:  7/7        EV: 13    Int: 12    God:
Gold:   38         SH:  0    Dex: 13    Spells: 4/7 levels left

rFire    . . .     SeeInvis .   (no weapon)
rCold    . . .     Faith    .   (no shield)
rNeg     . . .     Spirit   .   e - +0 robe
rPois    .         Reflect  .   (no helmet)
rElec    .         Harm     .   (no cloak)
rCorr    .         Rampage  .   (no gloves)
Will     .....                  (no boots)
Stlth    ++........             g - amulet of regeneration
HPRegen  1.09/turn              (no ring)
MPRegen  0.10/turn              (no ring)

@: no status effects
A: fangs 1, strong nose, distributed training
a: no special abilities


You were on level 2 of the Dungeon.
You visited 1 branch of the dungeon, and saw 2 of its levels.

You collected 38 gold pieces.

Inventory:

Hand Weapons
 a - a +0 hand crossbow
Armour
 e - a +0 robe (worn)
Jewellery
 g - an amulet of regeneration (around neck)
Scrolls
 c - a scroll of identify {unknown}
 f - 2 scrolls of fog {unknown}
Potions
 b - a potion of cancellation {unknown}
 h - a potion of degeneration {unknown}


   Skills:
 + Level 2.6 Fighting
 + Level 0.8 Short Blades
 + Level 0.8 Long Blades
 + Level 0.8 Axes
 + Level 0.8 Maces & Flails
 + Level 0.8 Polearms
 + Level 0.8 Staves
 + Level 0.8 Slings
 + Level 0.8 Bows
 + Level 4.5 Crossbows
 + Level 0.8 Throwing
 + Level 0.8 Armour
 + Level 4.5 Dodging
 + Level 0.8 Stealth
 + Level 0.8 Shields
 + Level 0.8 Unarmed Combat
 + Level 2.8 Spellcasting
 + Level 0.5 Conjurations
 + Level 5.4 Hexes
 + Level 0.5 Summonings
 + Level 0.5 Necromancy
 + Level 0.5 Translocations
 + Level 0.5 Transmutations
 + Level 0.5 Fire Magic
 + Level 0.5 Ice Magic
 + Level 0.5 Air Magic
 + Level 0.5 Earth Magic
 + Level 0.5 Poison Magic
 + Level 1.0 Invocations
 + Level 0.8 Evocations


You had 4 spell levels left.
You knew the following spells:

 Your Spells              Type           Power      Damage    Failure   Level
a - Corona                Hex            15%        N/A       2%          1
b - Blink                 Tloc           N/A        N/A       30%         2

Your spell library contained the following spells:

 Spells                   Type           Power      Damage    Failure   Level
 Slow                     Hex            14%        N/A       4%          2
 Magic Dart               Conj           12%        1d3       21%         1
 Inner Flame              Hex/Fire       8%         N/A       22%         3
 Portal Projectile        Hex/Tloc       16%        N/A       22%         3
 Cause Fear               Hex            7%         N/A       26%         4
 Call Imp                 Summ           3%         N/A       30%         2
 Conjure Flame            Conj/Fire      3%         6-21      52%         3
 Mephitic Cloud           Conj/Pois/Air  3%         N/A       52%         3
 Leda's Liquefaction      Hex/Erth       4%         N/A       58%         4


Dungeon Overview and Level Annotations

Branches:
Dungeon (2/15)

Altars:

Annotations:
D:2 Robin


Innate Abilities, Weirdness & Mutations

You have very sharp teeth.
Your uncanny sense of smell can sniff out nearby items.
Your experience applies equally to all skills.


Message History

You hit the goblin.
You kill the goblin!
A goblin comes into view.
It is wielding a +0 dagger of holy wrath.
The goblin hits you with a +0 club.
You hit the goblin.
You kill the goblin!
Your Invocations skill increases to level 1!
Robin closely misses you.
You hit Robin.
Robin is lightly wounded.
Robin hits you with a +0 spear.
You closely miss Robin.
Robin is lightly wounded.
Robin throws the goblin at you!
The goblin hits you with a +0 dagger of holy wrath.
You hit Robin. You bite Robin, but do no damage.
Robin is moderately wounded.
Robin closely misses you.
The goblin hits you with a +0 dagger of holy wrath.
You hit Robin.
Robin is moderately wounded.
Robin hits you with a +0 spear. The goblin closely misses you.
You closely miss Robin. You bite Robin, but do no damage.
Robin is moderately wounded.
Robin hits you but does no damage.
The goblin hits you with a +0 dagger of holy wrath.
You hit the goblin.
The goblin is severely wounded.
Robin hits you with a +0 spear. The goblin closely misses you.
You closely miss the goblin.
The goblin is severely wounded.
Robin hits you with a +0 spear.
The goblin hits you with a +0 dagger of holy wrath.
* * * LOW HITPOINT WARNING * * *
You closely miss the goblin.
The goblin is severely wounded.
Robin hits you with a +0 spear.
* * * LOW HITPOINT WARNING * * *
The goblin hits you with a +0 dagger of holy wrath.
You die...

.############
............#
.........##.# ##.##
########.##.###......
#.##...)(....(
#...#g##..#.##
###.#@# .(.. #<#g#
#.## #.#.# ∆ ∆ .#
#.... # #>..# #...#
#.... #..### #..#


You could see Robin and a goblin (strong).

Vanquished Creatures
  2 dart slugs (D:1)
  2 ball pythons (D:1)
  2 endoplasms (D:1)
  11 goblins
  3 hobgoblins
  A kobold (D:1)
  2 quokkas (D:1)
  6 rats (D:1)
29 creatures vanquished.

Notes
Turn   | Place    | Note
-------+----------+-------------------------------------------
     0 | D:1      | leviel the Gnoll Arcane Marksman began the quest for the
                  | Orb.
     0 | D:1      | Reached XP level 1. HP: 17/17 MP: 4/4
   234 | D:1      | Reached XP level 2. HP: 23/23 MP: 5/5
   743 | D:1      | Learned a level 2 spell: Blink
   836 | D:1      | Reached XP level 3. HP: 28/28 MP: 7/7
  1022 | D:2      | Noticed Robin
  1028 | D:2      | Reached skill level 1 in Invocations
  1037 | D:2      | HP: 1/28 [Robin/+0 spear (5)]
  1037 | D:2      | Slain by a goblin

Illustrated notes

Levels and vault maps discovered:
D:1:      amcnicky_arrival_abandoned_market, layout_basic
D:2:      layout_loops_ring, uniq_sigmund, uniq_robin, uniq_jessica

Skill      XL: |  1  2  3 |
---------------+----------+-----
Invocations    | 1 |  1.0
Fighting       | |  2.6
Short Blades   | |  0.8
Long Blades    | |  0.8
Axes           | |  0.8
Maces & Flails | |  0.8
Polearms       | |  0.8
Staves         | |  0.8
Slings         | |  0.8
Bows           | |  0.8
Crossbows      | |  4.5
Throwing       | |  0.8
Armour         | |  0.8
Dodging        | |  4.5
Stealth        | |  0.8
Shields        | |  0.8
Unarmed Combat | |  0.8
Spellcasting   | |  2.8
Conjurations   | |  0.5
Hexes          | |  5.4
Summonings     | |  0.5
Necromancy     | |  0.5
Translocations | |  0.5
Transmutations | |  0.5
Fire Magic     | |  0.5
Ice Magic      | |  0.5
Air Magic      | |  0.5
Earth Magic    | |  0.5
Poison Magic   | |  0.5
Evocations     | |  0.8

Action                   || total
-------------------------++-------
Melee: Unarmed           ||    15
       Bite              ||     3
       Hand crossbow     ||     1
 Fire: Hand crossbow     ||    71
 Cast: Corona            ||     3
Armor: Robe              ||     3
Dodge: Dodged            ||    24

Table legend: (Time is in decaauts)
 A = Elapsed time spent in this place.
 B = Non-inter-level travel time spent in this place.
 C = Inter-level travel time spent in this place.
 D = Time resting spent in this place.
 E = Time spent auto-exploring this place.
 F = Levels seen in this place.
 G = Mean time per level.
                   A        B        C        D        E       F      G
               +--------+--------+--------+--------+--------+-----+--------+
         Total |   1056 |   1035 |     21 |      0 |    859 |   2 |  528.0 |
       Dungeon |   1056 |   1035 |     21 |      0 |    859 |   2 |  528.0 |
               +--------+--------+--------+--------+--------+-----+--------+

Top non-repeatable levels by time:
     D:1: 1006 daAuts
     D:2: 49 daAuts
